 Dungeon Crawl Stone Soup version 0.20-a0-303-g575bbf7 (webtiles) character file.

161 junb69 the Insei (level 5, 0/37 HPs)
             Began as a Merfolk Transmuter on Dec 17, 2016.
             Slain by an adder (3 damage)
             ... on level 3 of the Dungeon.
             The game lasted 00:06:41 (2391 turns).

junb69 the Insei (Merfolk Transmuter)               Turns: 2391, Time: 00:06:42

Health: 0/37       AC:  2    Str: 10    XL:     5   Next: 42%
Magic:  5/9        EV: 21    Int: 19    God:
Gold:   95         SH:  0    Dex: 23    Spells: 6/10 levels left

rFire  . . .     SeeInvis .       - Unarmed
rCold  . . .     Gourm    .     (armour currently unavailable)
rNeg   . . .     Faith    .     (shield currently unavailable)
rPois  x         Spirit   .     (helmet currently unavailable)
rElec  .         Reflect  .     (cloak currently unavailable)
rCorr  .         Harm     .     (gloves currently unavailable)
MR     .....                    (boots currently unavailable)
Stlth  ++........               (no amulet)
                                (no ring)
                                q - +4 ring of dexterity

@: brilliant, lethally poisoned (0 -> -7), spider-form
A: (change form in water), (swift swim), (stealthy swim)
a: End Transformation


You were on level 3 of the Dungeon.
You were not hungry.
You were a venomous arachnid creature.
You visited 1 branch of the dungeon, and saw 3 of its levels.

You collected 95 gold pieces.

Inventory:

Missiles
 a - 12 arrows
Armour
 b - a +0 robe (melded)
 g - a +0 ring mail of poison resistance
 k - a +0 cloak (melded)
 o - a +0 helmet (melded)
Jewellery
 q - a +4 ring of dexterity (left front leg)
Wands
 e - a wand of random effects (22/48)
Scrolls
 f - a scroll of blinking
 j - a scroll of enchant armour
 m - 2 scrolls of remove curse
 n - a scroll of recharging
 p - a scroll of immolation
Potions
 h - a potion of brilliance
Books
 c - a book of Changes

   Spells                             Type                      Level
   a - Beastly Appendage              Transmutation                1
   b - Sticks to Snakes               Transmutation                2
   c - Spider Form                    Transmutation/Poison         3
   d - Ice Form                       Ice/Transmutation            4
   e - Blade Hands                    Transmutation                5
Comestibles
 d - 2 bread rations
 i - a meat ration
 l - a slice of pizza
 r - 3 chunks of flesh


   Skills:
 - Level 1.1 Fighting
 - Level 2.6 Dodging
 * Level 5.0 Unarmed Combat
 * Level 3.0 Spellcasting
 - Level 4.0 Transmutations
 - Level 1.0 Poison Magic


You had 6 spell levels left.
You knew the following spells:

 Your Spells              Type           Power        Failure   Level  Hunger
a - Beastly Appendage     Tmut           ####..       1%          1    None
b - Spider Form           Tmut/Pois      ###.......   4%          3    ###....


Dungeon Overview and Level Annotations

Branches:
Dungeon (3/15)

Altars:
Elyvilon

Portals:
Sewer: D:3


Message History

You feel sick.
* * * LOW HITPOINT WARNING * * *
You feel sick. The adder bites you.
* * * LOW HITPOINT WARNING * * *
You closely miss the adder.
* * * LOW HITPOINT WARNING * * *
You feel sick. The adder barely misses you.
Casting: Spider Form
Confirm with . or Enter, or press ? or * to list all spells.
You turn into a venomous arachnid creature.
Your +0 cloak melds into your body.
Your +0 helmet melds into your body.
Your +0 robe melds into your body.
You hear the brisk rusting of a drain nearby.
The adder bites you.
* * * LOW HITPOINT WARNING * * *
You bite the adder!
The adder is poisoned.
The adder is severely wounded.
* * * LOW HITPOINT WARNING * * *
You feel sick. The adder bites you.
You die...

#.########.#
#........#.#
########.#.# #.#.#
#.#.# ###.#.#
#.....#
##########.#.#.#
#ssSs..........#
#.###.####.#.#.#
#.# #.###......#
#s###.##.....### #
#†##..........# ..
####.##.#.#.....##
##
#.......#.##...##
#.##'##.#.###.##
#.#≈≈≈#...###.#


You could see an adder and 2 giant cockroaches.

Vanquished Creatures
  An orc priest (D:3)
  Ijyb (D:3)
  5 adders (D:3)
  An ooze (D:2)
  A worm (D:2)
  2 dart slugs (D:1)
  2 leopard geckos
  2 orcs (D:3)
  4 giant cockroaches (D:1)
  3 goblins
  5 hobgoblins
  3 jackals (D:1)
  2 ball pythons (D:3)
  8 bats
  4 frilled lizards
  3 kobolds
  6 rats
53 creatures vanquished.

Notes
Turn   | Place    | Note
-------+----------+-------------------------------------------
     0 | D:1      | junb69 the Merfolk Transmuter began the quest for the Orb.
     0 | D:1      | Reached XP level 1. HP: 15/15 MP: 3/3
   376 | D:1      | Reached XP level 2. HP: 9/21 MP: 3/5
   797 | D:1      | Reached XP level 3. HP: 19/26 MP: 4/6
   886 | D:1      | Learned a level 3 spell: Spider Form
  1056 | D:1      | Reached skill level 4 in Unarmed Combat
  1483 | D:2      | Found a white marble altar of Elyvilon.
  1711 | D:2      | Reached skill level 1 in Poison Magic
  1980 | D:3      | Reached XP level 4. HP: 15/32 MP: 3/7
  2209 | D:3      | Noticed Ijyb
  2232 | D:3      | Killed Ijyb
  2232 | D:3      | Reached XP level 5. HP: 33/37 MP: 0/9
  2349 | D:3      | Found a glowing drain.
  2371 | D:3      | Reached skill level 5 in Unarmed Combat
  2391 | D:3      | Slain by an adder

Vault maps used:
D:1:      evilmike_arrival_crescent
D:2:      lemuel_doored_altar, serial_bayou_lake_a
D:3:      gup_sewer_entry_glass, first_bread, uniq_iyjb

Skill      XL: |  1  2  3  4  5 |
---------------+----------------+-----
Transmutations | 3 4 |  4.0
Unarmed Combat | 4 5 |  5.0
Poison Magic   | 1 |  1.0
Spellcasting   | 3 |  3.0
Fighting       | |  1.1
Dodging        | |  2.6

Action                   |  1- 3 |  4- 6 || total
-------------------------+-------+-------++-------
Melee: Unarmed           |   138 |    40 ||   178
       Headbutt          |     7 |       ||     7
 Cast: Beastly Appendage |    13 |       ||    13
       Spider Form       |     2 |     6 ||     8
 Abil: End Transformatio |       |     1 ||     1
  Use: Scroll            |       |     5 ||     5
       Potion            |       |     1 ||     1
  Eat: Chunk             |     4 |     2 ||     6
Armor: Robe              |    24 |       ||    24
Dodge: Dodged            |    96 |    38 ||   134
